[Event "ICC tourney 2308 (3 2)"]
[Site "Internet Chess Club"]
[Date "2021.01.15"]
[Round "2"]
[White "muzikmixer"]
[Black "baldwinsthename"]
[Result "1/2-1/2"]
[ICCResult "Game drawn because neither player has mating material"]
[WhiteElo "1633"]
[BlackElo "1272"]
[Opening "Richter-Veresov attack"]
[ECO "D01"]
[NIC "QP.08"]
[Time "20:13:23"]
[PlyCount "130"]
[TimeControl "180+2"]

1. d4 d5 2. Nc3 Nf6 3. Bg5 h6 4. Bxf6 gxf6 5. Qd3 e5 6. dxe5 fxe5 7. Qxd5
Qxd5 8. Nxd5 Na6 9. O-O-O c6 10. Nc3 Be7 11. e4 Nc7 12. Nf3 f6 13. Bc4 Be6
14. Bxe6 Nxe6 15. g3 Kf7 16. Nh4 Nd4 17. Nf5 c5 18. Rde1 Rad8 19. Ne2 b5
20. c3 Nf3 21. Rd1 a5 22. Rxd8 Bxd8 23. Rd1 Nxh2 24. Rd7+ Ke6 25. Rd6+ Kf7
26. Ng1 Be7 27. Rd7 Re8 28. Kc2 h5 29. c4 b4 30. Kb3 Ng4 31. f3 Ke6 32.
Rxe7+ Rxe7 33. Nxe7 Ne3 34. Nf5 a4+ 35. Kxa4 Nxc4 36. Kb3 Nd2+ 37. Kc2 Nc4
38. b3 Nb6 39. Ng7+ Kd6 40. Nxh5 Nd7 41. Ng7 Kc6 42. Ne8 Kb5 43. f4 c4 44.
bxc4+ Kxc4 45. Ne2 exf4 46. gxf4 Kc5 47. Kb3 Kb5 48. Nd6+ Kc5 49. Ne8 Kb5
50. Nd4+ Ka5 51. Nc6+ Kb5 52. Nxb4 Nc5+ 53. Ka3 Nxe4 54. f5 Kc5 55. Nd3+
Kd4 56. Nf4 Ke5 57. Kb4 Kxf5 58. a4 Kxf4 59. Nxf6 Nxf6 60. Kb5 Ke5 61. Kc6
Nd5 62. Kb5 Kd6 63. a5 Kc7 64. a6 Kb8 65. a7+ Kxa7 { Game drawn because
neither player has mating material } 1/2-1/2

[Event "ICC tourney 2308 (3 2)"]
[Site "Internet Chess Club"]
[Date "2021.01.15"]
[Round "2"]
[White "wolverine54"]
[Black "DualMoneytime"]
[Result "1-0"]
[ICCResult "Black checkmated"]
[WhiteElo "2327"]
[BlackElo "1982"]
[Opening "French: Tarrasch, Guimard main line"]
[ECO "C04"]
[NIC "FR.15"]
[Time "20:13:49"]
[PlyCount "107"]
[TimeControl "180+2"]

1. e4 e6 2. d4 d5 3. Nd2 Nc6 4. Ngf3 Nf6 5. e5 Nd7 6. Bd3 Nb4 7. Be2 c5 8.
c3 Nc6 9. O-O Qb6 10. Nb3 cxd4 11. cxd4 a5 12. Rb1 a4 13. Na1 Nb4 14. a3
Nc6 15. Be3 Be7 16. Nc2 Na5 17. Bg5 Bxg5 18. Nxg5 h6 19. Nh3 Nb3 20. f4 O-O
21. f5 exf5 22. Rxf5 Rd8 23. Kh1 Nf8 24. Rf3 Ne6 25. Rg3 Nbxd4 26. Bg4 Nxc2
27. Qxc2 Nd4 28. Qf2 Ra6 29. Rf1 f6 30. exf6 Qxf6 31. Qg1 Qb6 32. Qf2 Qf6
33. Qg1 Qb6 34. Bxc8 Rxc8 35. Nf4 Nf5 36. Rd3 Qxg1+ 37. Kxg1 d4 38. Nd5 Ne3
39. Ne7+ Kh7 40. Nxc8 Nxf1 41. Kxf1 Rc6 42. Ne7 Rc2 43. Rxd4 Rxb2 44. Rxa4
g6 45. Rb4 Ra2 46. Rxb7 Rxa3 47. Nd5+ Kh8 48. Nf6 Ra1+ 49. Kf2 Ra2+ 50. Kg3
Ra3+ 51. Kh4 Ra4+ 52. g4 g5+ 53. Kh5 Ra3 54. Rh7# { Black checkmated } 1-0

[Event "ICC tourney 2308 (3 2)"]
[Site "Internet Chess Club"]
[Date "2021.01.15"]
[Round "2"]
[White "GLeschinsky"]
[Black "Volkov"]
[Result "0-1"]
[ICCResult "White resigns"]
[WhiteElo "2103"]
[BlackElo "2607"]
[Opening "QGD Slav defense"]
[ECO "D10"]
[NIC "SL.01"]
[Time "20:13:20"]
[PlyCount "148"]
[TimeControl "180+2"]

1. d4 d5 2. c4 c6 3. Nc3 Nf6 4. e3 a6 5. Nf3 b5 6. cxd5 cxd5 7. Bd3 Bb7 8.
O-O e6 9. a3 Bd6 10. b4 Nbd7 11. Bb2 Nb6 12. a4 Nc4 13. Qb3 Qb6 14. axb5
axb5 15. Rxa8+ Bxa8 16. Ra1 O-O 17. g3 Bc6 18. Nb1 Qb7 19. Nbd2 Ra8 20. Bc3
Rxa1+ 21. Bxa1 Qa6 22. Bc3 h6 23. h4 Ne4 24. Bxe4 dxe4 25. Ne1 Bd5 26. Nxc4
Bxc4 27. Qb2 f6 28. Nc2 Qa4 29. Na1 Qd1+ 30. Kh2 Qf1 31. Qd2 Kf7 32. Qe1
Qd3 33. Qd2 g5 34. hxg5 hxg5 35. Nc2 f5 36. Qxd3 exd3 37. Ne1 e5 38. Nf3
exd4 39. exd4 g4 40. Nd2 Ke6 41. f3 Kd5 42. fxg4 fxg4 43. Kg2 Bf8 44. Nf1
Bh6 45. Kf2 Ke4 46. Bd2 Bg7 47. Be3 Bxd4 48. Nd2+ Kd5 49. Bxd4 Kxd4 50. Nf1
Kc3 51. Ke1 Kxb4 52. Kd2 Kc5 53. Ne3 Kd4 54. Nxg4 b4 55. Nf2 b3 56. Nd1 Be6
57. Nb2 Bg4 58. Nxd3 Bf5 59. Nb2 Bg6 60. Nd1 Bc2 61. Nb2 Bf5 62. Nd1 Be4
63. Nb2 Bc2 64. g4 Be4 65. Nd1 Bf3 66. Nb2 Bxg4 67. Kc1 Kc3 68. Na4+ Kb4
69. Nb6 Kc3 70. Na4+ Kb4 71. Nb6 Be6 72. Kb2 Kb5 73. Na8 Kc6 74. Kc3 Kb7 {
White resigns } 0-1

[Event "ICC tourney 2308 (3 2)"]
[Site "Internet Chess Club"]
[Date "2021.01.15"]
[Round "2"]
[White "Assured"]
[Black "MrWizard"]
[Result "1-0"]
[ICCResult "Black resigns"]
[WhiteElo "2552"]
[BlackElo "2019"]
[Opening "Torre attack (Tartakower variation)"]
[ECO "D03"]
[NIC "QP.08"]
[Time "20:13:15"]
[PlyCount "135"]
[TimeControl "180+2"]

1. d4 d5 2. Nf3 Nf6 3. Bg5 Ne4 4. Bf4 c6 5. Nbd2 Nxd2 6. Qxd2 Bf5 7. e3 e6
8. Be2 Be7 9. O-O O-O 10. c4 Nd7 11. Rfc1 Nf6 12. Ne5 Ne4 13. Qd1 h6 14.
Qb3 f6 15. Nf3 Qb6 16. h3 Qxb3 17. axb3 Bd6 18. c5 Bb8 19. b4 Bg6 20. b5
cxb5 21. Bxb5 Bxf4 22. exf4 a6 23. Bd7 Bf7 24. b4 Rfd8 25. Ba4 Rac8 26. b5
axb5 27. Bxb5 Be8 28. Bxe8 Rxe8 29. Rcb1 Re7 30. Ra7 Rcc7 31. Ra8+ Kf7 32.
Rb8 Nc3 33. Rb2 Ne4 34. h4 h5 35. Kf1 Red7 36. Ra2 Re7 37. Raa8 Nc3 38. Nd2
Nb5 39. Nf3 Nc3 40. Rd8 Ne4 41. Rab8 Rcd7 42. Rh8 Kg6 43. Ke2 Nc3+ 44. Ke3
Ne4 45. g3 Nc3 46. Rhc8 Ne4 47. Ne1 Rc7 48. Nd3 Rxc8 49. Rxc8 Nc3 50. f3
Nb5 51. Ra8 Nc7 52. Ra7 Nb5 53. Ra5 Nc7 54. Kd2 Na6 55. c6 Nb8 56. cxb7
Rxb7 57. Rc5 Nd7 58. Rc6 Kf7 59. Ra6 Rc7 60. Nb4 Nb8 61. Rb6 Nd7 62. Rd6
Nb8 63. Kd3 Nd7 64. Nc6 Nf8 65. Nb4 Ng6 66. f5 exf5 67. Nxd5 Ne7 68. Nxc7 {
Black resigns } 1-0

[Event "ICC tourney 2308 (3 2)"]
[Site "Internet Chess Club"]
[Date "2021.01.15"]
[Round "2"]
[White "Dlugy"]
[Black "PappusChain923"]
[Result "1-0"]
[ICCResult "Black resigns"]
[WhiteElo "2607"]
[BlackElo "2147"]
[Opening "Queen's pawn: London system"]
[ECO "A45"]
[NIC "QP.07"]
[Time "20:14:04"]
[PlyCount "151"]
[TimeControl "180+2"]

1. d4 Nf6 2. Bf4 g6 3. Nc3 d5 4. e3 Bg7 5. h4 h5 6. Nf3 O-O 7. Ne5 c5 8.
Qd2 Nbd7 9. f3 cxd4 10. exd4 Nb6 11. O-O-O a5 12. Be2 a4 13. a3 Be6 14. g4
Nc4 15. Bxc4 dxc4 16. d5 Bd7 17. g5 Ne8 18. Nxc4 b5 19. Ne5 Nd6 20. Rhe1 b4
21. axb4 a3 22. b3 a2 23. Kb2 Bb5 24. Ra1 Qc7 25. Rxa2 Rxa2+ 26. Nxa2 Ra8
27. c3 Qa7 28. Kb1 Qa3 29. Qb2 Qa7 30. Be3 Qb7 31. Bd4 Nf5 32. c4 Be8 33.
f4 Nxh4 34. Nc6 Bxd4 35. Nxd4 Qd7 36. b5 Nf5 37. Nc6 Qd6 38. Re5 Qc5 39.
Nc1 h4 40. Qe2 Qa3 41. Nxe7+ Nxe7 42. Rxe7 Qa1+ 43. Kc2 Bxb5 44. Qe5 Qxe5
45. Rxe5 Bd7 46. c5 Bf5+ 47. Kb2 h3 48. Re2 Rd8 49. d6 Rc8 50. b4 Rb8 51.
Kc3 Kg7 52. Nb3 Rh8 53. Rh2 Re8 54. Nd4 Re3+ 55. Kc4 Bd3+ 56. Kd5 Be4+ 57.
Kc4 Bd3+ 58. Kc3 Bf1+ 59. Kc2 Rd3 60. Nc6 Rd5 61. Ne5 Bb5 62. Rxh3 Ba4+ 63.
Kc3 Rd1 64. Rd3 Rc1+ 65. Kd2 Rc2+ 66. Ke3 Rb2 67. d7 Bxd7 68. Rxd7 Rxb4 69.
Rxf7+ Kg8 70. Rf6 Rb3+ 71. Kd4 Kh7 72. c6 Rb8 73. Rf7+ Kg8 74. Rd7 Ra8 75.
c7 Ra4+ 76. Nc4 { Black resigns } 1-0

[Event "ICC tourney 2308 (3 2)"]
[Site "Internet Chess Club"]
[Date "2021.01.15"]
[Round "2"]
[White "chesssky"]
[Black "coolsportsguy"]
[Result "1-0"]
[ICCResult "Black resigns"]
[WhiteElo "1991"]
[BlackElo "2330"]
[Opening "Catalan: closed, 5.Nf3"]
[ECO "E06"]
[NIC "CA.05"]
[Time "20:13:09"]
[PlyCount "151"]
[TimeControl "180+2"]

1. Nf3 d5 2. c4 e6 3. d4 Nf6 4. g3 Be7 5. Bg2 O-O 6. O-O dxc4 7. Ne5 Nc6 8.
Nxc6 bxc6 9. Na3 Rb8 10. Nxc4 c5 11. Na5 Bd7 12. Nb7 Qe8 13. Nxc5 Bxc5 14.
dxc5 Bc6 15. Qc2 Bxg2 16. Kxg2 Qc6+ 17. Kg1 Rb5 18. Be3 Ng4 19. Bd4 e5 20.
a4 Rb4 21. Bc3 Qxc5 22. Qf5 Rc4 23. h3 g6 24. Qg5 h6 25. Qd2 Nf6 26. Qxh6
Ne4 27. e3 Nxc3 28. bxc3 Rxc3 29. Qh4 Rc2 30. Qf6 Qd6 31. Qf3 Re8 32. Rad1
Qe6 33. h4 Rc4 34. a5 e4 35. Qf4 Rc5 36. Rc1 Rf5 37. Qxc7 Rf3 38. Rc6 Qh3
39. Rd1 Re6 40. Rd8+ Kg7 41. Rxe6 Qxe6 42. Qc3+ Qf6 43. Qxf6+ Rxf6 44. Re8
Ra6 45. Re5 f5 46. h5 Kf6 47. h6 Rc6 48. Rb5 Rc7 49. Rb8 Rh7 50. Ra8 Ke6
51. Rg8 Rxh6 52. Rg7 a6 53. Ra7 Kd5 54. Rxa6 Kc5 55. Ra8 Rh7 56. Rg8 Kb5
57. Rxg6 Kxa5 58. Rg5 Rf7 59. g4 Kb6 60. Rxf5 Rg7 61. Rf4 Kc5 62. Rxe4 Kd5
63. Rf4 Ke5 64. Kg2 Rh7 65. Kg3 Rg7 66. Rf5+ Ke4 67. Rf4+ Ke5 68. f3 Rg5
69. Rf5+ Rxf5 70. gxf5 Kxf5 71. f4 Ke4 72. Kg4 Kd5 73. Kg5 Kd6 74. Kg6 Ke6
75. f5+ Ke7 76. Kg7 { Black resigns } 1-0

[Event "ICC tourney 2308 (3 2)"]
[Site "Internet Chess Club"]
[Date "2021.01.15"]
[Round "2"]
[White "acgc"]
[Black "sarvadh"]
[Result "0-1"]
[ICCResult "White checkmated"]
[WhiteElo "946"]
[BlackElo "2250"]
[Opening "French defense"]
[ECO "C00"]
[NIC "FR.01"]
[Time "20:14:04"]
[PlyCount "110"]
[TimeControl "180+2"]

1. e4 e6 2. Nf3 d5 3. exd5 exd5 4. d4 Bd6 5. Nc3 Ne7 6. Bd3 Nbc6 7. Be3 Bb4
8. Bb5 a6 9. Ba4 Bf5 10. O-O O-O 11. Bd2 Qd6 12. Re1 b5 13. Bb3 Na5 14. g3
Bxc3 15. Bxc3 Nc4 16. Nh4 Bg6 17. Bxc4 dxc4 18. a3 Nd5 19. Bd2 Rfe8 20. Qf3
Rad8 21. Nf5 Bxf5 22. Qxf5 Re6 23. Rad1 Rde8 24. Bb4 Nxb4 25. Rxe6 fxe6 26.
Qf3 Nd5 27. Re1 Qd7 28. c3 Qf7 29. Qg2 Qf5 30. g4 Qf7 31. h4 Qf6 32. g5 Qf5
33. h5 Kf7 34. Re5 Qf4 35. g6+ Kg8 36. gxh7+ Kh8 37. Rg5 Qf7 38. h6 gxh6
39. Rg3 Qxh7 40. Rf3 Rg8 41. Rg3 Rxg3 42. Qxg3 Qg7 43. Qxg7+ Kxg7 44. Kg2
Kg6 45. Kf3 Kf5 46. Ke2 h5 47. Kf3 h4 48. Kg2 Kg4 49. f3+ Kf4 50. Kf2 h3
51. Kg1 Kg3 52. Kh1 Nf4 53. Kg1 h2+ 54. Kh1 Nd3 55. f4 Nf2# { White
checkmated } 0-1

[Event "ICC tourney 2308 (3 2)"]
[Site "Internet Chess Club"]
[Date "2021.01.15"]
[Round "2"]
[White "hggonzalezzss"]
[Black "funpawn"]
[Result "0-1"]
[ICCResult "Black declared winner by adjudication"]
[WhiteElo "1776"]
[BlackElo "1794"]
[Opening "Scotch: Potter variation"]
[ECO "C45"]
[NIC "SO.05"]
[Time "20:14:04"]
[PlyCount "108"]
[TimeControl "180+2"]

1. e4 e5 2. Nf3 Nc6 3. d4 exd4 4. Nxd4 Bc5 5. Nb3 Bb6 6. Be2 Nge7 7. O-O d6
8. Nc3 Be6 9. Na4 Qd7 10. Nxb6 axb6 11. Nd4 O-O 12. Nxe6 fxe6 13. b3 d5 14.
exd5 exd5 15. Bb2 d4 16. Bc4+ Kh8 17. Re1 Rae8 18. Qh5 Qf5 19. Qh4 Ng6 20.
Qg3 Qxc2 21. Ba3 Rxe1+ 22. Rxe1 Rd8 23. Qd3 Qxd3 24. Bxd3 Nge5 25. Rd1 Nxd3
26. Rxd3 Ne5 27. Rd2 d3 28. Bb2 Nc6 29. f3 Nb4 30. a3 Nc6 31. Kf2 Na5 32.
b4 Nc4 33. Ke1 Nxd2 34. Kxd2 Kg8 35. Be5 c6 36. Bc7 Ra8 37. Kxd3 Rxa3+ 38.
Ke2 Ra2+ 39. Kf1 Rb2 40. Bxb6 Rxb4 41. Bc5 Rb2 42. h4 b6 43. Bd4 Rb1+ 44.
Kf2 c5 45. Bc3 b5 46. g4 b4 47. Be5 c4 48. Ke2 c3 49. Kd3 Rd1+ 50. Kc2 Rd2+
51. Kb3 Rb2+ 52. Kc4 Kf7 53. Bd6 c2 54. Bf4 Rb1 { Black declared winner by
adjudication } 0-1

[Event "ICC tourney 2308 (3 2)"]
[Site "Internet Chess Club"]
[Date "2021.01.15"]
[Round "3"]
[White "ASharikov"]
[Black "woochess"]
[Result "1-0"]
[ICCResult "Black resigns"]
[WhiteElo "2281"]
[BlackElo "2595"]
[Opening "Colle system"]
[ECO "D05"]
[NIC "QP.06"]
[Time "20:31:16"]
[PlyCount "29"]
[TimeControl "180+2"]

1. d4 Nf6 2. Nf3 e6 3. e3 d5 4. Bd3 c5 5. c3 Bd6 6. Nbd2 O-O 7. O-O Nbd7 8.
Re1 Qc7 9. e4 dxe4 10. Nxe4 Nxe4 11. Rxe4 Nf6 12. Rh4 h6 13. Bxh6 gxh6 14.
Qd2 Nd5 15. Rg4+ { Black resigns } 1-0

[Event "ICC tourney 2308 (3 2)"]
[Site "Internet Chess Club"]
[Date "2021.01.15"]
[Round "3"]
[White "chesssky"]
[Black "sahina"]
[Result "1-0"]
[ICCResult "Black resigns"]
[WhiteElo "1991"]
[BlackElo "1550"]
[Opening "Queen's pawn game"]
[ECO "E62"]
[NIC "KI.72"]
[Time "20:31:18"]
[PlyCount "57"]
[TimeControl "180+2"]

1. Nf3 Nf6 2. d4 d6 3. c4 g6 4. g3 Bg7 5. Bg2 O-O 6. O-O Nc6 7. Nc3 Re8 8.
h3 e5 9. e4 Bd7 10. Re1 Qc8 11. d5 Nd4 12. Kh2 Nxf3+ 13. Qxf3 a6 14. Bg5 h6
15. Bxf6 Bxf6 16. Qxf6 c6 17. Qxd6 cxd5 18. Nxd5 Bc6 19. Ne7+ Rxe7 20. Qxe7
Qe8 21. Qf6 Rd8 22. Rad1 Rd4 23. Rxd4 exd4 24. Rd1 Qd7 25. Rxd4 Qe8 26. Rd8
Qxd8 27. Qxd8+ Kg7 28. e5 Bxg2 29. Kxg2 { Black resigns } 1-0

[Event "ICC tourney 2308 (3 2)"]
[Site "Internet Chess Club"]
[Date "2021.01.15"]
[Round "3"]
[White "pracheth18"]
[Black "ThomasBoyle"]
[Result "1-0"]
[ICCResult "Black resigns"]
[WhiteElo "1733"]
[BlackElo "1283"]
[Opening "Queen's pawn: Charlick (Englund) gambit"]
[ECO "A40"]
[NIC "QO.17"]
[Time "20:31:34"]
[PlyCount "59"]
[TimeControl "180+2"]

1. d4 e5 2. dxe5 Nc6 3. Nf3 Qe7 4. Bf4 Qb4+ 5. Nc3 Qxf4 6. Nd5 Qc4 7. Nxc7+
Kd8 8. Nxa8 Nb4 9. c3 Nc6 10. e3 Qe6 11. Nd4 Nxd4 12. exd4 f6 13. Qe2 b6
14. Qe4 Nh6 15. b3 f5 16. Qe3 Ng4 17. Qg5+ Be7 18. Qxg7 Rg8 19. Qxh7 Rf8
20. h3 Nh6 21. Bc4 Qc6 22. d5 Qxa8 23. Qxh6 b5 24. d6 Qe4+ 25. Be2 Qxe5 26.
dxe7+ Kxe7 27. Qg5+ Rf6 28. O-O Kf7 29. Bh5+ Ke7 30. Rfe1 { Black resigns }
1-0

[Event "ICC tourney 2308 (3 2)"]
[Site "Internet Chess Club"]
[Date "2021.01.15"]
[Round "3"]
[White "haarim"]
[Black "spideydavey"]
[Result "0-1"]
[ICCResult "White resigns"]
[WhiteElo "1491"]
[BlackElo "1802"]
[Opening "Sicilian: Kan, 5.Nc3"]
[ECO "B43"]
[NIC "SI.41"]
[Time "20:31:07"]
[PlyCount "48"]
[TimeControl "180+2"]

1. e4 c5 2. Nf3 e6 3. d4 cxd4 4. Nxd4 a6 5. Nc3 Qc7 6. Bd3 Nc6 7. Nxc6 dxc6
8. O-O e5 9. Be3 Nf6 10. h3 Be6 11. f4 exf4 12. Bxf4 Qb6+ 13. Kh1 Be7 14.
Na4 Qa5 15. Nc3 O-O 16. e5 Nd5 17. Nxd5 Qxd5 18. Rf3 Rad8 19. Rg3 Kh8 20.
Bxh7 Qxd1+ 21. Rxd1 Rxd1+ 22. Kh2 Kxh7 23. Bg5 Bxg5 24. Rxg5 g6 { White
resigns } 0-1

[Event "ICC tourney 2308 (3 2)"]
[Site "Internet Chess Club"]
[Date "2021.01.15"]
[Round "3"]
[White "yogokings12"]
[Black "saif-shawkat"]
[Result "1-0"]
[ICCResult "Black resigns"]
[WhiteElo "1683"]
[BlackElo "2059"]
[Opening "KGA: bishop's gambit, Maurian defense"]
[ECO "C33"]
[NIC "KG.03"]
[Time "20:31:14"]
[PlyCount "49"]
[TimeControl "180+2"]

1. e4 e5 2. f4 exf4 3. Bc4 Nc6 4. d4 Nf6 5. Nc3 Bb4 6. Ne2 Nxe4 7. O-O Bxc3
8. Nxc3 Nxc3 9. bxc3 d5 10. Bb5 O-O 11. Bxf4 Ne7 12. Qf3 Ng6 13. Bg3 c6 14.
Bd3 Be6 15. Rab1 b5 16. h4 Nxh4 17. Bxh7+ Kxh7 18. Qh5+ Kg8 19. Bxh4 Qd7
20. Rf3 Bg4 21. Qg5 Bxf3 22. gxf3 Rae8 23. Kf2 Qh3 24. Rg1 Qh2+ 25. Rg2 {
Black resigns } 1-0

[Event "ICC tourney 2308 (3 2)"]
[Site "Internet Chess Club"]
[Date "2021.01.15"]
[Round "3"]
[White "sarvadh"]
[Black "Openyagami"]
[Result "0-1"]
[ICCResult "White checkmated"]
[WhiteElo "2250"]
[BlackElo "2606"]
[Opening "Sicilian: Labourdonnais-Löwenthal (Kalashnikov) variation"]
[ECO "B32"]
[NIC "SI.32"]
[Time "20:31:07"]
[PlyCount "54"]
[TimeControl "180+2"]

1. e4 c5 2. Nf3 Nc6 3. d4 cxd4 4. Nxd4 e5 5. Nb5 d6 6. N1c3 a6 7. Na3 b5 8.
Nd5 Nge7 9. c4 Nxd5 10. cxd5 Nd4 11. Bd3 g6 12. Be3 Bg7 13. O-O O-O 14.
Bxd4 exd4 15. Nc2 f5 16. exf5 gxf5 17. Qf3 Kh8 18. Rfe1 Be5 19. Nb4 Bd7 20.
Rac1 Rg8 21. Bf1 Qh4 22. h3 f4 23. Kh1 Bg4 24. Qd3 f3 25. Nc6 Bxh3 26. gxh3
Qxf2 27. Nxe5 Qg1# { White checkmated } 0-1

[Event "ICC tourney 2308 (3 2)"]
[Site "Internet Chess Club"]
[Date "2021.01.15"]
[Round "3"]
[White "GrandWizard"]
[Black "MrNormalName"]
[Result "0-1"]
[ICCResult "White resigns"]
[WhiteElo "1806"]
[BlackElo "2174"]
[Opening "Queen's pawn game"]
[ECO "A45"]
[NIC "QP.07"]
[Time "20:31:25"]
[PlyCount "46"]
[TimeControl "180+2"]

1. d4 Nf6 2. c3 d5 3. f3 Bf5 4. Kf2 c5 5. Bg5 e6 6. Bxf6 Qxf6 7. g3 Nc6 8.
e3 Rd8 9. Bd3 Bxd3 10. Qxd3 Bd6 11. Nd2 a6 12. Ne2 O-O 13. dxc5 Bxc5 14.
Nb3 Ba7 15. Kg2 Ne5 16. Qd4 Qxf3+ 17. Kg1 Bxd4 18. Nexd4 Qxe3+ 19. Kg2 Qe4+
20. Kf2 Nd3+ 21. Kg1 e5 22. Nc2 Qe2 23. Rf1 Qxc2 { White resigns } 0-1

[Event "ICC tourney 2308 (3 2)"]
[Site "Internet Chess Club"]
[Date "2021.01.15"]
[Round "3"]
[White "rychessmaster1"]
[Black "Shakhmatova"]
[Result "1-0"]
[ICCResult "Black checkmated"]
[WhiteElo "2187"]
[BlackElo "1756"]
[Opening "Pirc: classical system, 5.Be2"]
[ECO "B08"]
[NIC "PU.03"]
[Time "20:31:16"]
[PlyCount "89"]
[TimeControl "180+2"]

1. d4 Nf6 2. Nc3 g6 3. e4 d6 4. Nf3 Bg7 5. Be2 c6 6. O-O Qc7 7. a4 Nbd7 8.
Be3 O-O 9. h3 Re8 10. Re1 e5 11. dxe5 dxe5 12. Bc4 h6 13. Qe2 Nf8 14. Rad1
Ne6 15. g3 Nh5 16. Kh2 a6 17. Rd2 b5 18. Bb3 b4 19. Nb1 c5 20. Bd5 Rb8 21.
Red1 Nd4 22. Bxd4 exd4 23. Qc4 Rf8 24. c3 Qd7 25. Ng1 bxc3 26. bxc3 Qe7 27.
Ne2 dxc3 28. Nbxc3 Rb4 29. Qa2 Kh7 30. f4 f5 31. e5 g5 32. Bf3 g4 33. hxg4
fxg4 34. Be4+ Kh8 35. Qd5 Nxg3 36. Kxg3 Bb7 37. Qd3 c4 38. Qd6 Qf7 39. Bxb7
Rxb7 40. e6 Qh5 41. Ng1 Bxc3 42. Qxf8+ Kh7 43. Rd7+ Rxd7 44. Rxd7+ Bg7 45.
Qxg7# { Black checkmated } 1-0

[Event "ICC tourney 2308 (3 2)"]
[Site "Internet Chess Club"]
[Date "2021.01.15"]
[Round "3"]
[White "pyaru536"]
[Black "SuperBlueSky"]
[Result "1-0"]
[ICCResult "Black checkmated"]
[WhiteElo "2092"]
[BlackElo "1562"]
[Opening "Catalan: closed, main line"]
[ECO "E09"]
[NIC "CA.04"]
[Time "20:31:05"]
[PlyCount "65"]
[TimeControl "180+2"]

1. d4 d5 2. c4 e6 3. Nf3 Nf6 4. g3 Be7 5. Bg2 O-O 6. O-O c6 7. Qc2 Nbd7 8.
Nbd2 b6 9. e4 dxe4 10. Nxe4 Bb7 11. Rd1 c5 12. Nfg5 Nxe4 13. Nxe4 Qc8 14.
d5 exd5 15. cxd5 Nf6 16. d6 Bxe4 17. Bxe4 Bxd6 18. Bxa8 Qxa8 19. Rxd6 Re8
20. Bf4 Qf3 21. Rdd1 Ne4 22. Re1 f5 23. Qb3+ Qxb3 24. axb3 Rd8 25. Rxa7 Rd3
26. Rb7 Rxb3 27. Rd1 h6 28. Rdd7 Rxb2 29. Rxg7+ Kf8 30. Rgf7+ Ke8 31. Rh7
Rb1+ 32. Kg2 Nf6 33. Rb8# { Black checkmated } 1-0

[Event "ICC tourney 2308 (3 2)"]
[Site "Internet Chess Club"]
[Date "2021.01.15"]
[Round "3"]
[White "TjkTiger"]
[Black "wolverine54"]
[Result "1-0"]
[ICCResult "Black resigns"]
[WhiteElo "2597"]
[BlackElo "2327"]
[Opening "English opening"]
[ECO "A16"]
[NIC "EO.64"]
[Time "20:31:28"]
[PlyCount "57"]
[TimeControl "180+2"]

1. c4 Nf6 2. Nc3 g6 3. g3 Bg7 4. Bg2 O-O 5. d4 c5 6. dxc5 Qa5 7. Qa4 Qxc5
8. Nh3 d6 9. Be3 Qc7 10. Nf4 Bd7 11. Qb3 Nc6 12. Ncd5 Nxd5 13. Nxd5 Qc8 14.
Rc1 e6 15. Nf4 Nd4 16. Qd3 Nf5 17. O-O Nxe3 18. Qxe3 Bc6 19. b3 Rd8 20.
Rfd1 Qc7 21. Nd5 exd5 22. cxd5 Qb6 23. dxc6 bxc6 24. Qxb6 axb6 25. Rxc6
Rxa2 26. Bf3 b5 27. Rb6 Be5 28. Rxb5 Rd7 29. Rxe5 { Black resigns } 1-0

[Event "ICC tourney 2308 (3 2)"]
[Site "Internet Chess Club"]
[Date "2021.01.15"]
[Round "3"]
[White "funpawn"]
[Black "mchessmaster"]
[Result "1-0"]
[ICCResult "Black resigns"]
[WhiteElo "1794"]
[BlackElo "1955"]
[Opening "Ruy Lopez: classical defense, 4.c3"]
[ECO "C64"]
[NIC "RL.01"]
[Time "20:31:20"]
[PlyCount "31"]
[TimeControl "180+2"]

1. e4 e5 2. Nf3 Nc6 3. Bb5 Bc5 4. c3 Nf6 5. d4 exd4 6. cxd4 Bb4+ 7. Bd2
Nxe4 8. Bxc6 Nxd2 9. Nbxd2 dxc6 10. O-O O-O 11. a3 Bd6 12. Ne4 Bg4 13. Qd3
Re8 14. Neg5 f5 15. Qc4+ Kh8 16. Nf7+ { Black resigns } 1-0

[Event "ICC tourney 2308 (3 2)"]
[Site "Internet Chess Club"]
[Date "2021.01.15"]
[Round "3"]
[White "MrWizard"]
[Black "iszerencsy"]
[Result "0-1"]
[ICCResult "White checkmated"]
[WhiteElo "2019"]
[BlackElo "1425"]
[Opening "Old Benoni defense"]
[ECO "A43"]
[NIC "OI.09"]
[Time "20:31:09"]
[PlyCount "70"]
[TimeControl "180+2"]

1. d4 c5 2. d5 d6 3. Nc3 Nf6 4. e4 g6 5. h3 Bg7 6. Nf3 O-O 7. Bf4 a6 8. a4
Bd7 9. Bd3 Qc7 10. O-O Ne8 11. Re1 f6 12. Nd2 f5 13. exf5 Bxf5 14. Bxf5
Rxf5 15. Bg3 Rf7 16. Nde4 Nd7 17. Ng5 Rf6 18. Ne6 Qb6 19. Nxg7 Nxg7 20.
Rxe7 Rd8 21. b3 c4 22. bxc4 Nf5 23. a5 Qc5 24. Ne4 Qa7 25. Re6 Nxg3 26.
Nxg3 Qxf2+ 27. Kh2 Rdf8 28. Qe1 Ne5 29. Qxf2 Rxf2 30. Ne4 Re2 31. Nxd6 Rff2
32. Rg1 Nf3+ 33. Kg3 Nxg1 34. Nxb7 Rxg2+ 35. Kh4 Nf3# { White checkmated }
0-1

[Event "ICC tourney 2308 (3 2)"]
[Site "Internet Chess Club"]
[Date "2021.01.15"]
[Round "3"]
[White "Jesuscalling"]
[Black "KingRayfish"]
[Result "1-0"]
[ICCResult "Black checkmated"]
[WhiteElo "2050"]
[BlackElo "1469"]
[Opening "Queen's pawn: Charlick (Englund) gambit"]
[ECO "A40"]
[NIC "QO.17"]
[Time "20:31:05"]
[PlyCount "75"]
[TimeControl "180+2"]

1. d4 e5 2. c3 exd4 3. cxd4 Nf6 4. Nc3 b6 5. e4 Bb7 6. Bd3 d5 7. e5 Ne4 8.
Nf3 Nd7 9. O-O Bb4 10. Bd2 Nxd2 11. Qxd2 O-O 12. a3 Be7 13. b4 Re8 14. Rac1
c6 15. Bb1 Nf8 16. Rfe1 Rc8 17. Qd3 c5 18. dxc5 bxc5 19. bxc5 Bxc5 20. a4
Rc6 21. Nxd5 Rh6 22. Rxc5 Ne6 23. Rb5 Ba6 24. Nb4 Bxb5 25. axb5 Qa5 26. Nc6
Qc7 27. Qd6 Qb7 28. Bd3 Nf4 29. Qd4 Ne6 30. Qe3 Nc7 31. Qxa7 Qc8 32. Qc5
Qd7 33. Rd1 Qe6 34. Bc4 Qg6 35. Ne7+ Rxe7 36. Qxe7 Ne6 37. Rd8+ Nf8 38.
Rxf8# { Black checkmated } 1-0

[Event "ICC tourney 2308 (3 2)"]
[Site "Internet Chess Club"]
[Date "2021.01.15"]
[Round "3"]
[White "dsmartins"]
[Black "blackjack721"]
[Result "1-0"]
[ICCResult "Black checkmated"]
[WhiteElo "1777"]
[BlackElo "1454"]
[Opening "Two knights defense"]
[ECO "C58"]
[NIC "KP.01"]
[Time "20:31:15"]
[PlyCount "85"]
[TimeControl "180+2"]

1. e4 e5 2. Nf3 Nc6 3. Bc4 Nf6 4. Ng5 d5 5. exd5 Na5 6. Bb5+ c6 7. dxc6
bxc6 8. Bd3 Qd4 9. Nf3 Qg4 10. O-O Bd6 11. Re1 O-O 12. Nc3 Re8 13. Ne4 Nxe4
14. Rxe4 Qh5 15. Rh4 Qxh4 16. Nxh4 e4 17. Be2 Re6 18. Bg4 Rh6 19. Bxc8 Rxh4
20. g3 Rh5 21. Qxh5 Rxc8 22. Qxa5 c5 23. Qxa7 h5 24. Qd7 Rf8 25. Qxd6 h4
26. d3 hxg3 27. Qxf8+ Kxf8 28. hxg3 exd3 29. cxd3 Ke7 30. a4 Kd6 31. a5 Kd5
32. Be3 c4 33. dxc4+ Kxc4 34. a6 Kb3 35. a7 Kxb2 36. a8=Q Kc3 37. Qa3+ Kc4
38. Rd1 g6 39. Qa4+ Kc3 40. Qd4+ Kb3 41. Rd3+ Ka2 42. Bc1 f5 43. Qb2# {
Black checkmated } 1-0